 Dungeon Crawl Stone Soup version 0.30-a0-591-g3c58d2bc28 (webtiles) character file.

Game seed: 9318202273847214782

7 Decipherer the Trooper (level 1, -2/20 HPs)
             Began as a Minotaur Berserker on Jan 5, 2023.
             Was a Follower of Trog.
             Slain by a gnoll
             ... wielding a +0 club
              (9 damage)
             ... on level 1 of the Dungeon.
             The game lasted 00:00:13 (271 turns).

Decipherer the Trooper (Minotaur Berserker)          Turns: 271, Time: 00:00:14

Health: -2/20      AC:  2    Str: 21    XL:     1   Next: 91%
Magic:  0/0        EV:  9    Int:  4    God:    Trog [*.....]
Gold:   0          SH:  0    Dex:  9    Spells: 0/0 levels left

rFire   . . .      SeeInvis .    a - +0 mace
rCold   . . .      Faith    .    (no shield)
rNeg    . . .      Spirit   .    b - +0 animal skin
rPois   .          Reflect  .    (helmet restricted)
rElec   .          Harm     .    (no cloak)
rCorr   .          Rampage  .    (no gloves)
Will    .....                    (no boots)
Stlth   +                        (no amulet)
HPRegen 0.23/turn                (no ring)
MPRegen 0.07/turn                (no ring)

@: constricted
A: horns 2, retaliatory headbutt
a: Renounce Religion, Berserk


You were on level 1 of the Dungeon.
You worshipped Trog.
Trog was aware of your devotion.
You visited 1 branch of the dungeon, and saw 1 of its levels.

Inventory:

Hand Weapons
 a - a +0 mace (weapon)
Armour
 b - a +0 animal skin (worn)
Scrolls
 d - a scroll of fear {unknown}
 f - a scroll of brand weapon {unknown}
 g - a scroll of acquirement {unknown}
Potions
 c - a potion of curing {unknown}
 e - a potion of cancellation {unknown}


   Skills:
 + Level 3.9 Fighting
 + Level 3.8 Maces & Flails
 + Level 2.5 Armour
 + Level 2.2 Dodging
 + Level 0.3 Stealth


You couldn't memorise any spells.
You didn't know any spells.
Your spell library contained the following spells:

 Spells                   Type           Power      Damage    Failure   Level
 Cigotuvi's Dreadful Rot  Necr/Pois/Air  0%         N/A       65%         2
 Poisonous Vapours        Pois/Air       0%         N/A       65%         2
 Mephitic Cloud           Conj/Pois/Air  0%         N/A       86%         3


Dungeon Overview and Level Annotations

Branches:
Dungeon (1/15)

Altars:


Innate Abilities, Weirdness & Mutations

You have a pair of horns on your head.
You reflexively headbutt those who attack you in melee.


Message History

A rat and a kobold come into view.
The kobold shouts!
You hear a shout!
A rat comes into view.
A gnoll comes into view. It is wielding a +0 club.
The gnoll shouts!
There is an open door here.
Unknown command.
There are monsters nearby!
A rat and a ball python come into view.
Found a mace.
The ball python hisses angrily.
The rat barely misses you.
Unknown command.
There are monsters nearby!
You hit the rat but do no damage.
The rat twitches its whiskers.
A rat comes into view.
The rat bites you but does no damage.
Unknown command.
There are monsters nearby!
You closely miss the kobold. The kobold closely misses you. The rat misses you.
You furiously retaliate!
You headbutt the rat.
You kill the rat!
Trog accepts your kill.
Unknown command.
There are monsters nearby!
You hit the kobold.
The kobold is severely wounded.
The kobold closely misses you. The rat closely misses you.
Unknown command.
You fail to use your ability.
The kobold hits you but does no damage. The rat bites you.
The gnoll hits you with a +0 club.
The ball python bites you but does no damage.
The ball python barely misses you.
You closely miss the gnoll. The ball python bites you.
The ball python grabs you. The ball python constricts you.
The rat barely misses you. The kobold hits you with a +0 whip.
The gnoll closely misses you. The ball python bites you.
The ball python constricts you. The gnoll hits you with a +0 club!
You die...

..)...#..
........
#......#####.
+.......^#...
#....r.......
#..r....#...
#.Kgr...#.#
#.@S......
##'##..#.. #.#
... #.# . ##.##
##...##
#####.....#
.........##
######.#######.


You could see a gnoll, a ball python, a kobold and 3 rats.

Vanquished Creatures
  A bat (D:1)
  An endoplasm (D:1)
  2 goblins (D:1)
  A hobgoblin (D:1)
  A frilled lizard (D:1)
  A rat (D:1)
7 creatures vanquished.

Notes
Turn   | Place    | Note
-------+----------+-------------------------------------------
     0 | D:1      | Decipherer the Minotaur Berserker began the quest for the
                  | Orb.
     0 | D:1      | Reached XP level 1. HP: 19/19 MP: 0/0
   271 | D:1      | Slain by a gnoll

Illustrated notes

Levels and vault maps discovered:
D:1:      dpeg_arrival_pits, layout_loops_corners, hangedman_decor_lopped

Action                   || total
-------------------------++-------
Melee: Mace              ||    14
       Headbutt          ||     2
Armor: Animal skin       ||     5
Dodge: Dodged            ||    15

Table legend: (Time is in decaauts)
 A = Elapsed time spent in this place.
 B = Non-inter-level travel time spent in this place.
 C = Inter-level travel time spent in this place.
 D = Time resting spent in this place.
 E = Time spent auto-exploring this place.
 F = Levels seen in this place.
 G = Mean time per level.
                   A        B        C        D        E       F      G
               +--------+--------+--------+--------+--------+-----+--------+
         Total |    273 |    273 |      0 |      0 |    228 |   1 |  273.0 |
       Dungeon |    273 |    273 |      0 |      0 |    228 |   1 |  273.0 |
               +--------+--------+--------+--------+--------+-----+--------+

Top non-repeatable levels by time:
     D:1: 273 daAuts
